 Dungeon Crawl Stone Soup version 0.19-a0-687-g35db334 (webtiles) character file.

786182 puppykicker the Devastator (level 27, -7/293 HPs)
             Began as a Demonspawn Necromancer on June 17, 2016.
             Was an Elder of Uskayaw.
             Killed by divine providence
             ... invoked by a smoke demon
              (11 damage)
             ... in Pandemonium on June 18, 2016.
             The game lasted 05:19:22 (89169 turns).

puppykicker the Devastator (DsNe)                  Turns: 89169, Time: 05:19:23

Health: -7/293     AC: 30    Str: 13    XL:     27
Magic:  0/38       EV: 24    Int: 23    God:    Uskayaw [****..]
Gold:   1766       SH: 17    Dex: 26    Spells: 15 memorised, 0 levels left

rFire  + + .     SeeInvis .     a - +18 lance "Wyrmbane" {slay drac, +Rage rPois rF+ AC+5}
rCold  + . .     Gourm    +     e - +4 faerie dragon armour {rElec rN+ HP+9 Str-2 Dex+3}
rNeg   + + .     Faith    .     w - +2 shield {reflect}
rPois  +         Spirit   +     B - +2 helmet of the Unseen Realm {MR+ Str+4}
rElec  +         Dismiss  .     t - +2 cloak {+Inv}
rCorr  +         Reflect  +     U - +2 pair of gloves {Dex+3}
SustAt .         Harm     .     (boots unavailable)
MR     ++++.                    o - amulet "Erul" {Gourm Slay+3}
Stlth  ++++......               j - +3 ring of slaying
                                E - ring "Inewnah" {rCorr rElec rC+ Dex+2}

@: deflect missiles, incredibly resistant to hostile enchantments, stealthy
A: hooves 3, slimy green scales 3, agile 1, deformed body, dopey 1, fire
resistance 1, low mp 1, magic resistance 1, mutation resistance 1, negative
energy resistance 1, robust 3, spiny 3, 50% torment resistance, wild magic 1,
magic shield, magic regeneration, magic link, black mark
a: Stomp, Line Pass, Renounce Religion, Evoke Berserk Rage, Evoke Invisibility
}: 5/15 runes: decaying, slimy, silver, abyssal, gossamer


You were in Pandemonium.
You worshipped Uskayaw.
Uskayaw was greatly pleased with you.
You were very full.

You visited 12 branches of the dungeon, and saw 58 of its levels.
You visited Pandemonium 1 time, and saw 3 of its levels.
You visited the Abyss 3 times.
You also visited: Ice Cave.

You collected 8930 gold pieces.
You spent 7164 gold pieces at shops.


Innate Abilities, Weirdness & Mutations

You have hooves in place of feet.
You are completely covered in slimy green scales. (AC +4, rPois)
You resist negative energy. (rN+)
You are completely covered in sharp spines.
You are somewhat able to resist unholy torments (1 in 2 success).
When hurt, damage is shared between your health and your magic reserves.
You regenerate magic rapidly.
When low on magic, you restore magic in place of health.
Your melee attacks may debilitate your foes.
You are agile. (Dex +2)
Armour fits poorly on your strangely shaped body.
You are dopey. (Int -2)
Your flesh is heat resistant. (rF+)
Your magical capacity is low. (-10% MP)
You are resistant to hostile enchantments. (MR+)
You are somewhat resistant to further mutation.
You are extremely robust. (+30% HP)
Your spells are a little harder to cast, but a little more powerful.


   Skills:
 - Level 18.6 Fighting
   Level 10.0 Short Blades
 - Level 12.0 Polearms
 - Level 13.0 Armour
 - Level 13.3 Dodging
 - Level 10.0 Stealth
 - Level 16.3 Shields
 - Level 15.6 Spellcasting
 + Level 19.6 Conjurations
 - Level 11.3 Hexes
 - Level 14.3 Charms
 - Level 3.9 Summonings
 - Level 12.2 Necromancy
 - Level 5.5 Translocations
 * Level 18.7 Air Magic
 - Level 5.9 Poison Magic
 - Level 11.1 Invocations
 - Level 15.1 Evocations


You couldn't memorise any spells.
You knew the following spells:

 Your Spells              Type           Power        Failure   Level  Hunger
a - Sublimation of Blood  Necr           #######...   1%          2    None
b - Control Undead        Necr           #######...   1%          4    None
c - Tornado               Air            #######...   98%         9    #######
d - Vampiric Draining     Necr           #######...   1%          3    None
e - Summon Butterflies    Summ           #####...     1%          1    None
f - Silence               Hex/Air        #######...   1%          5    ##.....
g - Apportation           Tloc           ######....   1%          1    None
h - Chain Lightning       Conj/Air       #######...   17%         8    #######
l - Deflect Missiles      Chrm/Air       #######...   1%          6    ####...
p - Blink                 Tloc           N/A          1%          2    None
q - Cure Poison           Pois           ######....   1%          2    None
r - Regeneration          Chrm/Necr      #######...   1%          3    None
z - Animate Skeleton      Necr           N/A          1%          1    None
M - Haste                 Chrm           #######.     3%          6    ####...
Z - Animate Dead          Necr           N/A          1%          4    None

Inventory:

Hand Weapons
 a - the +18 lance "Wyrmbane" (weapon) {slay drac, +Rage rPois rF+ AC+5}
   (You took it off an orc wizard on level 11 of the Dungeon)

   It affects your AC (+5).
   It protects you from fire.
   It protects you from poison.
   It lets you go berserk.
Missiles
 T - 6 throwing nets (quivered)
Armour
 e - the +4 faerie dragon armour (worn) {rElec rN+ HP+9 Str-2 Dex+3}
   (You took it off the Enchantress on level 2 of the Depths)

   It affects your strength (-2).
   It affects your dexterity (+3).
   It insulates you from electricity.
   It protects you from negative energy.
   It affects your health (+9).
 t - a +2 cloak of invisibility (worn)
 w - a +2 shield of reflection (worn)
 B - the +2 helmet of the Unseen Realm (worn) {MR+ Str+4}
   (You found it on level 2 of the Vaults)

   It affects your strength (+4).
   It affects your resistance to hostile enchantments.
 U - a +2 pair of gloves of dexterity (worn)
Jewellery
 j - a +3 ring of slaying (right hand)
 o - the amulet "Erul" (around neck) {Gourm Slay+3}
   (You took it off a vault warden on level 4 of the Vaults)

   [amulet of the gourmand]

   It allows you to eat raw meat even when not hungry.
   It affects your accuracy and damage with ranged weapons and melee attacks
   (+3).
 E - the ring "Inewnah" (left hand) {rCorr rElec rC+ Dex+2}
   (You found it on level 3 of the Depths)

   [ring of resist corrosion]

   It affects your dexterity (+2).
   It protects you from cold.
   It insulates you from electricity.
Wands
 c - a wand of hasting (6/9) {!d}
 n - a wand of digging (14/24)
 q - a wand of disintegration (17/24)
 G - a wand of heal wounds (7/9) {!d}
 O - a wand of heal wounds (7/9) {!d}
 Q - a wand of teleportation (8/9) {!d}
 V - a wand of hasting (7/9) {!d}
 X - a wand of teleportation (6/9) {!d}
 Y - a wand of heal wounds (4/9) {!d}
Scrolls
 f - 15 scrolls of teleportation
 p - 3 scrolls of silence
 u - 4 scrolls of brand weapon
 v - 20 scrolls of identify
 y - 6 scrolls of magic mapping
 A - 10 scrolls of fog
 K - a scroll of recharging
 W - a scroll of summoning
Potions
 d - 11 potions of flight
 g - 7 potions of agility
 k - 15 potions of curing
 m - 8 potions of brilliance
 r - 5 potions of cancellation
 s - 2 potions of resistance
 x - 2 potions of mutation {!q}
 z - 4 potions of heal wounds
 H - 3 potions of ambrosia
 N - 6 potions of cure mutation
 R - 8 potions of haste
 S - 2 potions of magic
Miscellaneous
 b - a disc of storms
 h - 5 phantom mirrors
 l - a lamp of fire
 D - 4 boxes of beasts
 F - a phial of floods
 I - a sack of spiders
 M - the horn of Geryon
 P - a fan of gales
Comestibles
 i - 15 meat rations

Dungeon Overview and Level Annotations

Branches:
Dungeon (15/15)            Temple (0/1) D:4            Lair (6/6) D:9
  Swamp (4/4) Lair:3       Spider (4/4) Lair:3        Slime (5/5) Lair:5
    Orc (2/2) D:9             Elf (3/3) Orc:2        Vaults (5/5) D:13
  Crypt (3/3) Vaults:2       Tomb (0/3) Crypt:3      Depths (5/5) D:15
   Hell (1/1)                 Dis (0/7) Hell            Geh (0/7) Hell
    Coc (0/7) Hell            Tar (0/7) Hell            Zot (5/5) Depths:5

Altars:
Ashenzari
Cheibriados
Dithmenos
Elyvilon
Fedhas
Gozag
Kikubaaqudgha
Makhleb
Nemelex Xobeh
Okawaru
Pakellas
Qazlal
Sif Muna
Trog
Uskayaw
Vehumet
Xom
Yredelemnul
The Shining One
Beogh
Jiyva
Lugonu

Shops:
D:11 ?:=(}   Orc:1 (   Orc:2 (:(   Elf:1 }   Vaults:1 =(=(   Vaults:4 *
Vaults:5 ?!%   Depths:4 ***

Portals:
Hell: Depths:1 Depths:2 Depths:3 Depths:4 Depths:5
Abyss: Depths:4 Depths:5
Pandemonium: Depths:1 Depths:2 Depths:3
Ziggurat: Depths:5
Trove: Depths:4 (give +3 gold dragon armour)

. .... .... ###### # ###
..... .....# #.######.#
.....
.....######......24#5.....
..............35@&355.....
........######.###2455....
........'........33355....
........######..4#5..####.
...≈....# #5#535.#####
.....#### #§...555....
.....# #....6...... .....#
#:.#.#.#.#.# #+####
#...#.#.#.#.


You could see Reitraon, a cacodemon, a reaper, a soul eater, 2 orange demons, a
smoke demon, a ynoxinul and 8 ufetubi.


Message History

You kill the ufetubus!
The smoke demon gestures at you.
Your +2 shield of reflection reflects the sticky flame!
The sticky flame hits the smoke demon.
The smoke demon completely resists.
You block Reitraon's attack.
The reaper shouts, "You must die NOW!"
The reaper misses you. The cacodemon is struck by your spines.
The cacodemon misses you.
The cacodemon hits you but does no damage.
Unknown command.
You don't have enough magic at the moment.
Unknown command.
Okay, then.
Unknown command.
Okay, then.
Unknown command.
Here: Reitraon (heavily wounded, poisoned)
The floor.
Okay, then.
Evoke which item? (* to show all) (? for menu, Esc to quit)
Zapping:
G - a wand of heal wounds (8/9) {!d} You feel much better.
This wand has 7 charges left.
The soul eater is no longer sharing its pain.
Reitraon hits you!!!
* * * LOW HITPOINT WARNING * * *
The ynoxinul gestures.
The orange demon stings you but does no damage.
The smoke demon gestures at you. Something smites you!
You die...

Action                   |  1- 3 |  4- 6 |  7- 9 | 10-12 | 13-15 | 16-18 | 19-21 | 22-24 | 25-27 || total
-------------------------+-------+-------+-------+-------+-------+-------+-------+-------+-------++-------
Melee: Dagger            |    52 |    73 |   262 |   942 |  1792 |  1509 |   807 |       |       ||  5437
       Spear             |    40 |    24 |       |       |       |       |       |       |       ||    64
       Hand axe          |       |    79 |       |       |       |       |       |       |       ||    79
       Kick              |       |       |       |    72 |   145 |       |   357 |   898 |  1509 ||  2981
       Rapier            |       |       |       |       |    80 |   167 |       |       |       ||   247
       Scimitar          |       |       |       |       |    91 |       |       |       |       ||    91
       Lance             |       |       |       |       |       |   471 |  1282 |  2262 |  3748 ||  7763
 Fire: Blowgun           |       |       |       |     3 |     7 |     1 |       |       |       ||    11
Throw: Javelin           |       |       |       |       |       |     2 |       |       |       ||     2
 Cast: Pain              |    17 |       |     3 |       |       |       |       |       |       ||    20
       Animate Skeleton  |       |     3 |     7 |    15 |    97 |    14 |    26 |    17 |     8 ||   187
       Vampiric Draining |       |     2 |     9 |     4 |     3 |     2 |       |       |       ||    20
       Regeneration      |       |       |     3 |     9 |    20 |    36 |    16 |    11 |    14 ||   109
       Control Undead    |       |       |       |     6 |    39 |    15 |     1 |       |       ||    61
       Animate Dead      |       |       |       |       |     7 |    71 |    34 |    25 |    24 ||   161
       Cure Poison       |       |       |       |       |     3 |     9 |     1 |       |       ||    13
       Mephitic Cloud    |       |       |       |       |       |     7 |       |       |       ||     7
       Repel Missiles    |       |       |       |       |       |     1 |     3 |     4 |     2 ||    10
       Blink             |       |       |       |       |       |       |       |     5 |       ||     5
       Deflect Missiles  |       |       |       |       |       |       |       |       |     7 ||     7
Invok: Line Pass         |       |       |       |     1 |     1 |     1 |       |       |       ||     3
       Grand Finale      |       |       |       |       |       |     1 |     1 |     1 |     3 ||     6
 Abil: Evoke Blink       |       |       |       |       |     2 |     3 |       |       |       ||     5
       Evoke Flight      |       |       |       |       |     2 |       |       |       |       ||     2
Evoke: Wand              |       |       |       |    14 |    20 |    10 |     2 |     4 |     7 ||    57
       Sack of spiders   |       |       |       |       |       |       |     4 |       |       ||     4
       Horn of Geryon    |       |       |       |       |       |       |       |       |     1 ||     1
  Use: Scroll            |       |     6 |     8 |    16 |    19 |    16 |    16 |    12 |    20 ||   113
       Potion            |       |     2 |       |    10 |     9 |     3 |       |     5 |    19 ||    48
 Stab: Sleeping          |     8 |     3 |     1 |    20 |    31 |    31 |    27 |    64 |    25 ||   210
       Distracted        |     1 |       |       |     2 |    10 |    21 |    19 |    17 |    43 ||   113
       Paralysed         |       |       |       |    18 |    64 |   125 |   160 |   230 |   340 ||   937
       Invisible         |       |       |       |     4 |       |       |       |       |       ||     4
       Confused          |       |       |       |       |       |     5 |       |       |       ||     5
       Held in net/web   |       |       |       |       |       |       |       |     2 |       ||     2
       Petrifying        |       |       |       |       |       |       |       |       |     3 ||     3
  Eat: Bread ration      |     1 |       |       |       |     3 |     3 |     2 |     2 |     5 ||    16
       Chunk             |     1 |     9 |    12 |     8 |    11 |    32 |    38 |    35 |    22 ||   168
       Beef jerky        |       |       |     1 |     3 |     4 |     1 |       |     2 |     6 ||    17
       Royal jelly       |       |       |     1 |       |       |     3 |       |       |     1 ||     5
       Fruit             |       |       |       |    18 |     4 |     4 |     2 |       |       ||    28
       Pizza             |       |       |       |     3 |       |     1 |       |       |     2 ||     6
       Meat ration       |       |       |       |       |     6 |     6 |       |     1 |     3 ||    16
Armor: Robe              |    17 |    43 |    85 |    53 |       |       |       |       |       ||   198
       Leather armour    |       |       |       |   173 |   362 |   500 |    65 |       |       ||  1100
       Troll leather arm |       |       |       |       |       |       |    63 |       |       ||    63
       Mottled dragon ar |       |       |       |       |       |       |    55 |   233 |   469 ||   757
Dodge: Dodged            |    52 |    85 |   127 |   440 |  1096 |  1191 |   615 |   449 |  1004 ||  5059
       Deflected         |       |       |       |       |       |     4 |     7 |    18 |    54 ||    83
Block: Buckler           |       |    27 |    53 |   171 |   445 |   889 |   401 |       |       ||  1986
       Reflection        |       |       |       |       |       |    23 |    67 |    39 |    49 ||   178
       Shield            |       |       |       |       |       |       |   223 |   551 |  1151 ||  1925

Vault maps used:
D:1:      shiori_arrival_maze, nicolae_ashenzari_panopticon
D:3:      minmay_misc_feat_more_columns
D:4:      minmay_temple_entry_hall, first_bread, grunt_pakellas_basics
D:5:      minmay_opposing_rooms, grunt_temple_overflow_open,
          kennysheep_nondescript, tso_metal_star
D:7:      nicolae_overflow_hidden_temple, cheibrodos_worm_habitat
D:8:      bloody_trog, nemelex_xobeh_ov_fountains_minmay, lemuel_crystal_altar,
          grunt_temple_overflow_diamond, basic_altar, item_on_display_a
D:9:      minmay_lair_entry_grove, zombieorc2_lemuel
D:10:     tgw_kikubaaqudgha
D:11:     serial_shops, nicolae_shop_stone, shop, shop, nicolae_shop_crystal,
          shop, grunt_pizzeria, uniq_snorg
D:13:     lightli_vaults_fourway_checkpoint, basic_altar
D:14:     wad_floor_pattern_untrapped, amethyst_killhole, uniq_kirke
D:15:     grunt_enter_depths_snipers, nicolae_dithmenos_through_a_glass_darkly,
          uniq_roxanne
Lair:1:   serial_bayou_pond_a, uniq_gastronok, uniq_sonja, uniq_grum
Lair:2:   zaba_antful_of_joy
Lair:3:   minmay_swamp_entry_worms, spider_nest_entry_rubble
Lair:5:   minmay_slime_entry_oklob_open
Lair:6:   minmay_lair_end_enchanted_forest, portal_ice_cave_rime,
          lab_entry_generic, grunt_megastairs_3
Swamp:1:  nicolae_swamp_trees_clearing, swamp_pool4
Swamp:2:  evilmike_swamp_ruin_rubble_2
Swamp:3:  serial_swamp_ruin, evilmike_swamp_ruin_wall,
          evilmike_swamp_ruin_house_1, evilmike_swamp_ruin_rubble_1,
          swamp_pool3, hangedman_swamp_muck, infiniplex_staircase_pool
Swamp:4:  swamp_alternative
Spider:1: spider_trap, hangedman_spider_tarantella_strand, uniq_nikola
Spider:2: hangedman_spider_mandibles, spider_trap
Spider:3: uniq_arachne, uniq_wiglaf
Spider:4: spider_rune_water, einodemon_crawler_minivault, uniq_louise
Orc:1:    serial_shops, nicolae_shop_statue_plus
Orc:2:    pubby_orc_utopia, serial_shops, uniq_azrael
Elf:1:    eino_elf_arrival_the_gate, serial_shops, shop, minmay_elf_demonology
Elf:3:    elf_hall_gauntlet_narrow
Vaults:1: nicolae_vaults_inception_corners, nicolae_vaults_twisting_passages,
          ontoclasm_vaults_chip, hangedman_vaults_stitches,
          ontoclasm_vaults_gallery, hangedman_vaults_variations,
          ontoclasm_vaults_hangar, v_misc_16, nicolae_vaults_puzzle_piece,
          ontoclasm_vaults_hangar, vaults_dpeg_hooks,
          grunt_vaults_hallway_short, ontoclasm_vaults_gateway, serial_shops,
          shop, nicolae_shop_behind_doors, shop, shop_statue, uniq_donald
Vaults:2: minmay_crypt_entry_simple_sparse, nicolae_vaults_hallways_thing,
          vaults_room_grid, hangedman_vaults_nails, v_misc_3,
          vaults_dpeg_encased_lava, vaults_mumra_chevron,
          nicolae_vaults_what_the_h, v_misc_5, ontoclasm_vaults_twist,
          v_misc_13, nicolae_vaults_alarming, vaults_room_fancy_cross
Vaults:3: ontoclasm_vaults_eye, vaults_standard_mumra_enter_the_diamond,
          ontoclasm_vaults_bender, vaults_room_ringed_pool,
          dpeg_vaults_monster_row, nicolae_vaults_little_squares_6,
          ontoclasm_vaults_tryst
Vaults:4: nicolae_vaults_circle_grid_b, hangedman_vaults_snaps,
          nicolae_vaults_disjoint_gnomons, ontoclasm_vaults_spin,
          nicolae_vaults_ring_of_whatevers, vaults_standard_mumra_lines,
          v_pattern_5, nicolae_vaults_theta, ontoclasm_vaults_ligature,
          serial_shops, nicolae_shop_behind_doors
Vaults:5: serial_shops
Crypt:1:  grunt_ministairs_9, grunt_crypt_arrival_split
Crypt:2:  cheibrodos_crypt_eye_of_stone, nicolae_crypt_little_mausoleum
Crypt:3:  church_of_pain_bobbens, nicolae_tomb_entry_rubble_hallway,
          minmay_misc_feat_alley
Depths:1: grunt_mini_vestibule, grunt_pan_entry_zigzag,
          hangedman_decor_opposing, hangedman_decor_push, onia_ninara_cookie,
          serial_bayou_shore_b, serial_bayou_shore_b
Depths:2: nicolae_legendary_halls, pf_hell_entry_tar_spiral,
          rand_demon_pan_entry_7, hangedman_abyss_or_decor_slice,
          uniq_enchantress
Depths:3: thingy_vault_2, hell_entry, serial_glass, glass_columns_a,
          glass_columns_a, glass_columns_a, glass_columns_c, feat_on_display,
          dk_noncrumbling_3, pan_entry, hangedman_decor_growths,
          serial_bayou_shore_b, serial_bayou_shore_b, basic_stair_grate_trap,
          uniq_boris
Depths:4: kennysheep_gozag_temple, hangedman_coc_ice_floe, enter_trove_3,
          abyss_entry_flame_altar, grunt_decor_mini_mirrors,
          minmay_misc_feat_cross, nrook_mini_vaults
Depths:5: grunt_zot_entry_tricorne, enter_ziggurat_c, abyss_entry,
          abandoned_shop, hell_entry, serial_sigils_hangedman_quiver,
          basic_stair_grate_trap
Zot:1:    hangedman_zot_decor_slant, grunt_ministairs_2
Zot:2:    zot_minivault_5
Zot:4:    lemuel_acid_trip
Abyss:2:  guppyfry_abyss_exit_imp_island
Abyss:3:  evilmike_abyss_rune_siren_acolytes,
          hangedman_grunt_abyss_rune_horror_hoard
Abyss:4:  hangedman_abyss_rune_macabre_mess
Abyss:5:  nicolae_abyss_rune_left_handed
Pan:      grunt_pan_spiral, reaverb_pan_chaos_star, rand_demon_4,
          evilmike_mini_pan_possible_glass
IceCv:    ice_cave_small_dragons

Notes
Turn   | Place    | Note
--------------------------------------------------------------
     0 | D:1      | puppykicker the Demonspawn Necromancer began the quest for the Orb.
     0 | D:1      | Reached XP level 1. HP: 13/13 MP: 3/3
     2 | D:1      | Learned a level 1 spell: Animate Skeleton
   116 | D:1      | Found a shattered altar of Ashenzari.
   580 | D:1      | Gained mutation: You are partially covered in sharp spines. [demonic ancestry]
   580 | D:1      | Reached XP level 2. HP: 8/20 MP: 1/5
   581 | D:1      | Reached skill level 1 in Fighting
  1698 | D:2      | Gained mutation: When hurt, damage is shared between your health and your magic reserves. [demonic ancestry]
  1698 | D:2      | Reached XP level 3. HP: 24/26 MP: 2/6
  1700 | D:2      | Reached skill level 5 in Necromancy
  1938 | D:2      | Reached skill level 2 in Fighting
  2260 | D:2      | Learned a level 3 spell: Vampiric Draining
  2503 | D:2      | Reached XP level 4. HP: 20/34 MP: 4/7
  3870 | D:4      | Reached skill level 3 in Fighting
  3871 | D:4      | Found an oddly glowing altar of Pakellas.
  3900 | D:4      | Reached XP level 5. HP: 20/41 MP: 5/8
  4210 | D:4      | Reached skill level 6 in Necromancy
  4303 | D:4      | Learned a level 3 spell: Regeneration
  4723 | D:4      | Gained mutation: You are mostly covered in sharp spines. [demonic ancestry]
  4723 | D:4      | Reached XP level 6. HP: 48/48 MP: 9/9
  4734 | D:4      | Reached skill level 4 in Fighting
  4745 | D:4      | Found a staircase to the Ecumenical Temple.
  4894 | D:5      | Entered Level 5 of the Dungeon
  4929 | D:5      | Found a white marble altar of Elyvilon.
  4929 | D:5      | Found a deep blue altar of Sif Muna.
  4929 | D:5      | Found a hide-covered altar of Uskayaw.
  4930 | D:5      | Found a blossoming altar of Fedhas.
  4941 | D:5      | Found a shattered altar of Ashenzari.
  4966 | D:5      | Found a glowing golden altar of the Shining One.
  5006 | D:5      | Reached skill level 7 in Necromancy
  5155 | D:5      | Gained mutation: You are partially covered in slimy green scales. (AC +2) [demonic ancestry]
  5155 | D:5      | Reached XP level 7. HP: 50/55 MP: 10/10
  5269 | D:5      | Noticed a hippogriff
  5287 | D:5      | Reached skill level 5 in Fighting
  5302 | D:5      | Killed a hippogriff
  5773 | D:5      | Reached skill level 8 in Necromancy
  5780 | D:5      | Reached skill level 6 in Fighting
  6156 | D:6      | Noticed a hippogriff
  6170 | D:6      | Killed a hippogriff
  6170 | D:6      | Reached XP level 8. HP: 47/65 MP: 8/11
  6409 | D:6      | Reached skill level 7 in Fighting
  6409 | D:6      | Reached skill level 9 in Necromancy
  6494 | D:6      | Reached skill level 3 in Spellcasting
  6901 | D:6      | Learned a level 4 spell: Animate Dead
  6932 | D:7      | Found a shimmering altar of Xom.
  6932 | D:7      | Found an oddly glowing altar of Pakellas.
  6949 | D:7      | Gained mutation: You are mostly covered in slimy green scales. (AC +3) [demonic ancestry]
  6949 | D:7      | Reached XP level 9. HP: 73/73 MP: 14/14
  6964 | D:7      | Found a snail-covered altar of Cheibriados.
  7082 | D:7      | Reached skill level 1 in Short Blades
  7096 | D:7      | Reached skill level 8 in Fighting
  7114 | D:7      | HP: 7/73 [poisoned by a water moccasin]
  7122 | D:7      | HP: 7/73 [poisoned by a water moccasin]
  7455 | D:7      | Identified a potion of resistance
  7527 | D:7      | Reached skill level 4 in Spellcasting
  7527 | D:7      | Reached skill level 10 in Necromancy
  7581 | D:7      | Identified a wand of heal wounds
  7817 | D:7      | Reached skill level 2 in Short Blades
  7878 | D:7      | Reached skill level 1 in Charms
  7970 | D:7      | Learned a level 4 spell: Control Undead
  8021 | D:8      | Found a bloodstained altar of Trog.
  8095 | D:8      | Noticed a hill giant
  8101 | D:8      | Found a sparkling altar of Nemelex Xobeh.
  8116 | D:8      | Killed a hill giant
  8116 | D:8      | Reached skill level 2 in Charms
  8120 | D:8      | HP: 7/74 [giant frog (1)]
  8166 | D:8      | Reached skill level 3 in Short Blades
  8431 | D:8      | Reached skill level 5 in Spellcasting
  8693 | D:8      | Found an ancient bone altar of Kikubaaqudgha.
  8696 | D:8      | Found a radiant altar of Vehumet.
  8715 | D:8      | Got a crystal rapier
  8716 | D:8      | Identified the cursed +2 rapier of Extermination {antimagic, *Drain rN+++ MP+9 Int+4} (You found it on level 8 of the Dungeon)
  8800 | D:8      | Reached XP level 10. HP: 81/81 MP: 17/17
  8822 | D:8      | Found a radiant altar of Vehumet.
  8846 | D:8      | Found a burning altar of Makhleb.
  8923 | D:8      | Found a stormy altar of Qazlal.
  9197 | D:5      | Became a worshipper of Uskayaw the Reveler
  9250 | D:7      | Reached skill level 3 in Charms
  9250 | D:7      | Reached * piety under Uskayaw
  9313 | D:8      | Reached skill level 2 in Stealth
  9313 | D:8      | Reached ** piety under Uskayaw
  9687 | D:9      | Reached *** piety under Uskayaw
  9698 | D:9      | Found a staircase to the Orcish Mines.
  9757 | D:9      | Reached skill level 9 in Fighting
  9966 | D:9      | HP: 7/82 [giant frog (3)]
  9979 | D:9      | HP: 4/83 [orc warrior/dire flail (12)]
 10001 | D:9      | HP: 5/83 [orc priest/divine providence (12)]
 10026 | D:9      | Reached skill level 4 in Short Blades
 10391 | D:9      | Reached skill level 3 in Stealth
 10400 | D:9      | Reached **** piety under Uskayaw
 10408 | D:9      | Reached ***** piety under Uskayaw
 10513 | D:9      | Found a staircase to the Lair.
 10558 | D:9      | Reached skill level 11 in Necromancy
 10713 | D:9      | Reached skill level 4 in Charms
 10724 | D:9      | Reached skill level 6 in Spellcasting
 11471 | D:10     | Entered Level 10 of the Dungeon
 11526 | D:10     | Reached skill level 2 in Dodging
 11526 | D:10     | Reached skill level 4 in Stealth
 11526 | D:10     | Reached XP level 11. HP: 58/89 MP: 13/20
 11984 | D:10     | Reached skill level 1 in Armour
 12221 | D:10     | Found an ancient bone altar of Kikubaaqudgha.
 12272 | D:11     | Found Hafipt's Weapon Emporium.
 12277 | D:11     | Found Rytun's Jewellery Boutique.
 12285 | D:11     | Bought the ring "Suskon" {+Blink EV+3} for 595 gold pieces
 12319 | D:11     | Noticed a hill giant
 12330 | D:11     | Noticed Snorg
 12443 | Lair:1   | Entered Level 1 of the Lair of Beasts
 12443 | Lair:1   | Noticed Grum
 12451 | Lair:1   | Reached skill level 5 in Short Blades
 12459 | Lair:1   | Killed Grum
 12627 | Lair:1   | Reached skill level 1 in Shields
 12638 | Lair:1   | Reached skill level 1 in Evocations
 12776 | Lair:1   | Noticed Sonja
 12788 | Lair:1   | Reached skill level 2 in Armour
 12805 | Lair:1   | Noticed Gastronok
 12806 | Lair:1   | Killed Sonja
 12806 | Lair:1   | Reached skill level 3 in Dodging
 13278 | Lair:1   | Killed Gastronok
 13278 | Lair:1   | Reached skill level 5 in Stealth
 13278 | Lair:1   | Reached skill level 2 in Shields
 13278 | Lair:1   | Reached skill level 2 in Evocations
 13679 | Lair:2   | Noticed a queen ant
 13694 | Lair:2   | Reached skill level 3 in Evocations
 13705 | Lair:2   | Reached skill level 3 in Armour
 13788 | Lair:2   | Killed a queen ant
 13788 | Lair:2   | Reached skill level 4 in Dodging
 13788 | Lair:2   | Gained mutation: You regenerate magic rapidly. [demonic ancestry]
 13788 | Lair:2   | Reached XP level 12. HP: 48/96 MP: 4/21
 14027 | Lair:2   | Reached skill level 6 in Short Blades
 14091 | Lair:2   | Reached skill level 3 in Shields
 14139 | Lair:2   | Reached skill level 12 in Necromancy
 14201 | Lair:2   | Reached skill level 6 in Stealth
 14447 | Lair:2   | Identified a scroll of acquirement
 14448 | Lair:2   | Got an encrusted great sword
 14454 | Lair:2   | Identified the +7 great sword of Woe {slice, rElec rPois rN+ SInv} (You acquired it on level 2 of the Lair of Beasts)
 15040 | Lair:3   | Found a hole to the Spider Nest.
 15198 | Lair:3   | Reached skill level 4 in Evocations
 15431 | Lair:3   | Gained mutation: You have sharp toenails. [potion of mutation]
 15431 | Lair:3   | Gained mutation: Armour fits poorly on your strangely shaped body. [potion of mutation]
 15431 | Lair:3   | Gained mutation: Your system is resistant to poisons. (rPois) [potion of mutation]
 15432 | Lair:3   | Gained mutation: Your spells are a little harder to cast, but a little more powerful. [potion of mutation]
 15432 | Lair:3   | Gained mutation: Potions and wands are less effective at restoring your health. [potion of mutation]
 15432 | Lair:3   | Gained mutation: You are robust. (+10% HP) [potion of mutation]
 15433 | Lair:3   | Lost mutation: Your system is resistant to poisons. (rPois) [potion of cure mutation]
 15433 | Lair:3   | Lost mutation: Your spells are a little harder to cast, but a little more powerful. [potion of cure mutation]
 15433 | Lair:3   | Lost mutation: You are robust. (+10% HP) [potion of cure mutation]
 15433 | Lair:3   | Lost mutation: Armour fits poorly on your strangely shaped body. [potion of cure mutation]
 15478 | Lair:3   | Reached skill level 4 in Armour
 15747 | Lair:3   | Found a staircase to the Swamp.
 15841 | Lair:3   | You fall through a shaft for 2 floors!
 16396 | Lair:4   | Noticed a catoblepas
 16417 | Lair:4   | Killed a catoblepas
 16417 | Lair:4   | Reached skill level 4 in Shields
 16663 | Lair:4   | Reached skill level 5 in Dodging
 16778 | Lair:4   | Reached skill level 7 in Short Blades
 16791 | Lair:4   | Reached skill level 7 in Stealth
 16791 | Lair:4   | Reached skill level 5 in Evocations
 17633 | Lair:3   | Reached skill level 5 in Armour
 17862 | Lair:5   | Learned a level 2 spell: Sublimation of Blood
 17968 | Lair:5   | Found a staircase to the Slime Pits.
 18003 | Lair:5   | Reached XP level 13. HP: 64/101 MP: 16/22
 18433 | Lair:6   | Entered Level 6 of the Lair of Beasts
 18683 | Lair:6   | Reached skill level 5 in Shields
 18786 | Lair:6   | Found a frozen archway.
 18804 | Lair:6   | Reached skill level 6 in Dodging
 18812 | IceCv    | Entered an ice cave
 19206 | IceCv    | Reached skill level 6 in Evocations
 19859 | IceCv    | Noticed dickylongcocking's ghost (adept HOGl)
 20337 | Lair:6   | Reached ****** piety under Uskayaw
 20725 | Orc:1    | Entered Level 1 of the Orcish Mines
 20753 | D:11     | Found Orakhaim's Magic Scroll Boutique.
 20771 | D:11     | Bought a scroll of identify for 28 gold pieces
 20771 | D:11     | Bought a scroll of remove curse for 42 gold pieces
 20771 | D:11     | Bought a scroll of enchant armour for 105 gold pieces
 20771 | D:11     | Bought a scroll of identify for 28 gold pieces
 20771 | D:11     | Upgraded the game from 0.19-a0-684-gf760df0 to 0.19-a0-687-g35db334
 20771 | D:11     | Bought a scroll of fog for 28 gold pieces
 20771 | D:11     | Bought a scroll of magic mapping for 49 gold pieces
 20801 | D:11     | Reached skill level 6 in Armour
 20900 | D:11     | Reached skill level 8 in Short Blades
 20926 | D:11     | Killed Snorg
 20926 | D:11     | Reached skill level 8 in Stealth
 20996 | D:11     | Reached skill level 6 in Shields
 21193 | D:11     | Found Beal's Gadget Shoppe.
 21283 | D:11     | Found Ochoiket's Book Shoppe.
 21290 | D:11     | Bought a book of Air for 560 gold pieces
 21293 | D:11     | Learned a level 2 spell: Repel Missiles
 21296 | D:11     | Learned a level 2 spell: Swiftness
 21684 | D:11     | Bought a wand of teleportation (4/9) for 336 gold pieces
 21961 | D:12     | Reached skill level 1 in Air Magic
 22781 | Lair:6   | Reached skill level 7 in Evocations
 22854 | Lair:6   | Lost mutation: You have sharp toenails. [demonic ancestry]
 22854 | Lair:6   | Gained mutation: You have large cloven feet. [demonic ancestry]
 22854 | Lair:6   | Reached XP level 14. HP: 91/108 MP: 21/23
 22968 | Lair:6   | Reached skill level 5 in Charms
 22993 | Lair:6   | Identified Sif Muna's Guide on the Supportive Snowflakes (You found it on level 6 of the Lair of Beasts)
 23028 | Lair:6   | Reached skill level 7 in Dodging
 23028 | Lair:6   | Reached skill level 2 in Air Magic
 23157 | Lair:6   | Learned a level 2 spell: Cure Poison
 23912 | Orc:1    | Found Cef Kyn's Weapon Shop.
 24209 | Orc:2    | Entered Level 2 of the Orcish Mines
 24559 | Orc:2    | Noticed Azrael
 24596 | Orc:2    | Noticed numlockpick's ghost (journeyman FoFi)
 24620 | Orc:1    | Killed Azrael
 25674 | Orc:2    | Reached skill level 3 in Air Magic
 25705 | Orc:2    | Found a roughly hewn altar of Beogh.
 25816 | Orc:2    | Found Tyukom's Antique Weapon Emporium.
 25821 | Orc:2    | Reached skill level 7 in Armour
 25834 | Orc:2    | Reached skill level 9 in Stealth
 26016 | Orc:2    | Found Fietaptu's General Store.
 26058 | Orc:2    | Reached skill level 9 in Short Blades
 26694 | Orc:2    | Noticed an orc warlord
 27183 | Orc:2    | Killed an orc warlord
 27191 | Orc:2    | Your ally numlockpick died
 27246 | Orc:2    | Found Ryfacixt's Book Boutique.
 27467 | Orc:2    | Found a roughly hewn altar of Beogh.
 27485 | Orc:2    | Found Ufoosh Fung's Antique Weapon Shoppe.
 27576 | Orc:2    | Reached skill level 6 in Charms
 28089 | Orc:2    | Paralysed by an orc sorcerer for 3 turns
 28093 | Orc:2    | Reached skill level 8 in Evocations
 28210 | Orc:2    | Found a staircase to the Elven Halls.
 28503 | D:12     | Reached skill level 4 in Air Magic
 28508 | D:13     | Found an iron altar of Okawaru.
 28796 | D:13     | Reached skill level 8 in Dodging
 28814 | D:13     | Lost mutation: Potions and wands are less effective at restoring your health. [potion of cure mutation]
 28882 | D:13     | Reached skill level 1 in Poison Magic
 28980 | D:13     | Reached XP level 15. HP: 28/114 MP: 5/24
 29137 | D:13     | Found a gate to the Vaults.
 29428 | D:14     | Noticed Kirke
 29447 | D:14     | Reached skill level 2 in Poison Magic
 29472 | D:14     | Killed Kirke
 30477 | D:15     | Entered Level 15 of the Dungeon
 30544 | D:15     | Found a staircase to the Depths.
 30577 | D:15     | Reached skill level 8 in Armour
 30596 | D:15     | Reached skill level 3 in Poison Magic
 30818 | D:15     | Reached skill level 10 in Stealth
 30823 | D:15     | Learned a level 3 spell: Mephitic Cloud
 30910 | D:15     | Found a shadowy altar of Dithmenos.
 30955 | D:15     | Noticed Roxanne
 31014 | D:15     | HP: 7/114 [Roxanne/crystal spear (41)]
 31295 | D:15     | Reached skill level 10 in Short Blades
 31796 | Spider:1 | Entered Level 1 of the Spider Nest
 31978 | Spider:1 | Reached skill level 1 in Invocations
 32067 | Spider:1 | Reached skill level 1 in Conjurations
 32074 | Spider:1 | Noticed a ghost moth
 32372 | Lair:3   | Killed a ghost moth
 32372 | Lair:3   | Reached skill level 1 in Polearms
 32372 | Lair:3   | Reached skill level 2 in Invocations
 32569 | Spider:1 | Reached skill level 2 in Conjurations
 32582 | Spider:1 | Reached skill level 3 in Invocations
 32586 | Spider:1 | Reached skill level 4 in Poison Magic
 32801 | Spider:1 | Reached skill level 2 in Polearms
 33028 | Spider:1 | Reached skill level 3 in Conjurations
 33033 | Spider:1 | Reached skill level 5 in Air Magic
 33033 | Spider:1 | Reached skill level 4 in Invocations
 33150 | Spider:1 | Noticed Nikola
 33187 | Spider:1 | Killed Nikola
 33689 | Spider:2 | Reached skill level 5 in Poison Magic
 33726 | Spider:2 | Reached skill level 5 in Invocations
 33797 | Spider:2 | Reached XP level 16. HP: 93/120 MP: 23/25
 33811 | Spider:2 | Reached skill level 3 in Polearms
 33984 | Spider:2 | Reached skill level 4 in Conjurations
 34010 | Spider:2 | Noticed xodahs's ghost (adept OgHu)
 34510 | Spider:1 | Gained mutation: You are agile. (Dex +2) [potion of beneficial mutation]
 34642 | Spider:2 | Reached skill level 6 in Air Magic
 34802 | Spider:2 | Reached skill level 6 in Invocations
 35366 | Spider:2 | Reached skill level 4 in Polearms
 35645 | Spider:3 | Noticed Wiglaf
 35663 | Spider:3 | Killed Wiglaf
 35742 | Spider:2 | Reached skill level 5 in Polearms
 35818 | Spider:3 | Learned a level 1 spell: Summon Butterflies
 35914 | Spider:3 | Reached skill level 7 in Invocations
 35993 | Spider:3 | Reached skill level 6 in Polearms
 36319 | Spider:3 | Reached skill level 8 in Invocations
 36353 | Spider:3 | Reached skill level 7 in Polearms
 36357 | Spider:3 | Noticed Arachne
 36376 | Spider:3 | Killed Arachne
 36609 | Spider:4 | Entered Level 4 of the Spider Nest
 36627 | Spider:3 | HP: 12/120 [spark wasp (6)]
 36627 | Spider:3 | HP: 3/120 [spark wasp (9)]
 36627 | Spider:3 | HP: 1/120 [redback (2)]
 36921 | Spider:4 | Noticed Louise
 36929 | Spider:4 | Reached skill level 8 in Polearms
 36939 | Spider:4 | Killed Louise
 36939 | Spider:4 | Reached skill level 9 in Invocations
 37530 | Spider:4 | Reached XP level 17. HP: 71/126 MP: 16/26
 37557 | Spider:4 | Reached skill level 9 in Polearms
 37610 | Spider:4 | Reached skill level 10 in Invocations
 38492 | Spider:4 | Reached skill level 10 in Polearms
 38586 | Spider:4 | Got a gossamer rune of Zot
 39019 | Swamp:1  | Entered Level 1 of the Swamp
 39147 | Swamp:1  | Reached skill level 11 in Invocations
 40075 | Swamp:2  | Reached skill level 11 in Polearms
 41071 | Swamp:3  | Gained mutation: You are resistant to hostile enchantments. (MR+) [mutagenic meat]
 41104 | Swamp:3  | Gained mutation: Your magical capacity is low. (-10% MP) [mutagenic meat]
 41105 | Swamp:3  | Gained mutation: Your system is resistant to poisons. (rPois) [mutagenic meat]
 41463 | Swamp:4  | Entered Level 4 of the Swamp
 41506 | Swamp:3  | Reached skill level 12 in Polearms
 42109 | Swamp:3  | Reached skill level 9 in Evocations
 42246 | Swamp:4  | Gained mutation: You are very agile. (Dex +4) [mutagenic meat]
 42247 | Swamp:4  | Gained mutation: You are robust. (+10% HP) [mutagenic meat]
 42298 | Swamp:4  | Got a decaying rune of Zot
 42311 | Swamp:4  | Reached XP level 18. HP: 137/147 MP: 25/25
 42331 | Swamp:4  | Reached skill level 10 in Fighting
 43082 | Vaults:1 | Entered Level 1 of the Vaults
 43100 | Vaults:1 | Noticed Donald
 43140 | Vaults:1 | Killed Donald
 43140 | Vaults:1 | Reached skill level 9 in Dodging
 43157 | Vaults:1 | Reached skill level 7 in Spellcasting
 43227 | Vaults:1 | Gained mutation: You have supernaturally acute eyesight. (SInv) [mutagenic meat]
 43228 | Vaults:1 | Gained mutation: Armour fits poorly on your strangely shaped body. [mutagenic meat]
 43229 | Vaults:1 | Lost mutation: You have supernaturally acute eyesight. (SInv) [mutagenic meat]
 43230 | Vaults:1 | Gained mutation: You are dopey. (Int -2) [mutagenic meat]
 43561 | Vaults:1 | Found Kepa Bio's Antique Weapon Boutique.
 43641 | Vaults:1 | Reached skill level 7 in Shields
 43787 | Vaults:1 | Gained mutation: You can translocate small distances at will. [mutagenic meat]
 43798 | Vaults:1 | Found Wiguf's Jewellery Boutique.
 43885 | Vaults:1 | Reached skill level 8 in Shields
 44163 | Vaults:1 | Lost mutation: Your system is resistant to poisons. (rPois) [mutagenic meat]
 44164 | Vaults:1 | Gained mutation: Your spells are a little harder to cast, but a little more powerful. [mutagenic meat]
 44177 | Vaults:1 | Found Gumass's Jewellery Emporium.
 44192 | Vaults:1 | Reached skill level 1 in Summonings
 44214 | Vaults:1 | Reached skill level 2 in Summonings
 44267 | Vaults:1 | Reached skill level 9 in Shields
 44362 | Vaults:1 | Found Suimol's Antique Weapon Shop.
 44487 | Vaults:1 | Reached skill level 3 in Summonings
 44961 | Vaults:2 | Gained mutation: Your muscles are strong. (Str +2) [mutagenic meat]
 44962 | Vaults:2 | Lost mutation: Your magical capacity is low. (-10% MP) [mutagenic meat]
 44963 | Vaults:2 | Lost mutation: You can translocate small distances at will. [mutagenic meat]
 44964 | Vaults:2 | Gained mutation: You are very robust. (+20% HP) [mutagenic meat]
 44965 | Vaults:2 | Gained mutation: You are extremely robust. (+30% HP) [mutagenic meat]
 44966 | Vaults:2 | Lost mutation: Armour fits poorly on your strangely shaped body. [mutagenic meat]
 44967 | Vaults:2 | Gained mutation: Your flesh is heat resistant. (rF+) [mutagenic meat]
 44969 | Vaults:2 | Gained mutation: You are somewhat resistant to further mutation. [mutagenic meat]
 45450 | Vaults:2 | Found a staircase to the Crypt.
 46300 | Vaults:2 | Reached skill level 10 in Shields
 47190 | Vaults:2 | Got a polished helmet
 47202 | Vaults:2 | Identified the +2 helmet of the Unseen Realm {MR+ Str+4} (You found it on level 2 of the Vaults)
 47388 | Vaults:2 | Reached skill level 11 in Fighting
 47494 | Vaults:2 | Gained mutation: You have hoof-like feet. [demonic ancestry]
 47494 | Vaults:2 | Reached XP level 19. HP: 187/187 MP: 29/29
 48183 | Vaults:3 | Reached skill level 11 in Shields
 48412 | Vaults:3 | Reached skill level 12 in Fighting
 49335 | Vaults:3 | Reached skill level 12 in Shields
 49996 | Vaults:3 | Reached skill level 13 in Fighting
 50281 | Vaults:4 | Found Mumir's Assorted Antiques.
 50284 | Vaults:4 | Bought a sack of spiders for 580 gold pieces
 50284 | Vaults:4 | Bought a phantom mirror for 870 gold pieces
 50512 | Vaults:4 | Got a twitching ivory amulet
 50513 | Vaults:4 | Identified the amulet of Habrokk {Spirit Dex+6} (You found it on level 4 of the Vaults)
 50677 | Vaults:4 | Got a slimy diamond amulet
 51057 | Vaults:4 | Reached skill level 5 in Conjurations
 51537 | Vaults:4 | Reached skill level 13 in Shields
 51539 | Vaults:4 | Gained mutation: When low on magic, you restore magic in place of health. [demonic ancestry]
 51539 | Vaults:4 | Reached XP level 20. HP: 205/205 MP: 30/30
 51992 | Vaults:4 | Reached skill level 6 in Conjurations
 52443 | Vaults:3 | You fall through a shaft!
 52785 | Depths:1 | Entered Level 1 of the Depths
 52803 | Depths:1 | Reached skill level 14 in Fighting
 52970 | Depths:1 | Reached skill level 7 in Conjurations
 53036 | Depths:1 | Found a gateway to Hell.
 53133 | Depths:1 | Identified the amulet "Erul" {Gourm Slay+3} (You took it off a vault warden on level 4 of the Vaults)
 53381 | Depths:1 | Reached skill level 8 in Spellcasting
 53997 | Depths:1 | Reached skill level 8 in Conjurations
 54135 | Depths:1 | Reached skill level 14 in Shields
 54361 | D:11     | Bought a +3 ring of slaying for 765 gold pieces
 54649 | Depths:1 | Found a one-way gate leading to the halls of Pandemonium.
 54831 | Depths:1 | Got a shimmering hat
 54842 | Depths:1 | Identified the +0 hat of Serendipity {*Corrode Int-4 Dex+8 SInv} (You acquired it on level 1 of the Depths)
 54924 | Depths:2 | Noticed eALc's ghost (adept DsFi)
 54948 | Depths:2 | Killed eALc's ghost
 55188 | Depths:2 | Reached skill level 15 in Shields
 55418 | Depths:2 | Gained mutation: You resist negative energy. (rN+) [demonic ancestry]
 55418 | Depths:2 | Reached XP level 21. HP: 165/215 MP: 26/33
 55483 | Depths:2 | Noticed the Enchantress
 55569 | Depths:2 | Killed the Enchantress
 55633 | Depths:2 | Got a faerie dragon armour
 55644 | Depths:2 | Identified the +4 faerie dragon armour {rElec rN+ HP+9 Str-2 Dex+3} (You took it off the Enchantress on level 2 of the Depths)
 55879 | Depths:2 | Noticed a juggernaut
 55950 | Depths:2 | Killed a juggernaut
 55983 | Depths:2 | Reached skill level 9 in Spellcasting
 56006 | Depths:2 | Reached skill level 9 in Conjurations
 56042 | Depths:2 | Noticed a juggernaut
 56057 | Depths:2 | Killed a juggernaut
 56057 | Depths:2 | Reached skill level 15 in Fighting
 56085 | Depths:2 | Noticed a juggernaut
 56107 | Depths:2 | Killed a juggernaut
 56595 | Depths:2 | Reached skill level 10 in Conjurations
 56750 | Depths:2 | Reached skill level 10 in Spellcasting
 57057 | Depths:2 | Got a slimy emerald amulet
 57272 | Depths:3 | Noticed Boris
 57287 | Depths:3 | Killed Boris
 57520 | Depths:3 | Got an opalescent robe
 57550 | Depths:3 | Identified the amulet of Zin's Outrage {Inacc MP+9 Int-3 Stlth+} (You found it on level 2 of the Depths)
 57552 | Depths:3 | Identified the +2 robe "Wyqeh" {rC+ Str+4} (You took it off a boggart on level 3 of the Depths)
 57656 | Depths:3 | Found a runed door.
 57873 | Depths:3 | Learned a level 2 spell: Blink
 57875 | Depths:3 | Learned a level 1 spell: Apportation
 57981 | Depths:3 | Reached XP level 22. HP: 230/230 MP: 36/36
 58072 | Depths:3 | Got a scintillating granite ring
 58073 | Depths:3 | Identified the ring "Inewnah" {rCorr rElec rC+ Dex+2} (You found it on level 3 of the Depths)
 58434 | Depths:3 | Found a runed door.
 58438 | Depths:3 | Noticed a juggernaut
 58541 | Depths:3 | Killed a juggernaut
 58677 | Depths:3 | Reached skill level 11 in Conjurations
 58751 | Depths:3 | Reached skill level 16 in Fighting
 59282 | Depths:4 | Reached skill level 11 in Spellcasting
 59581 | Depths:4 | Found Gozag's Assorted Antiques.
 59618 | Depths:4 | Noticed a golden dragon
 59638 | Depths:4 | Found an opulent altar of Gozag.
 59641 | Depths:4 | Found Gozag's Assorted Antiques.
 59650 | Depths:4 | Found Gozag's Assorted Antiques.
 59824 | Depths:4 | Found a corrupted altar of Lugonu.
 59824 | Depths:4 | Found a one-way gate to the infinite horrors of the Abyss.
 60108 | Depths:4 | Found a portal to a secret trove of treasure.
 60443 | Depths:4 | Killed a golden dragon
 60532 | Depths:5 | Entered Level 5 of the Depths
 60578 | Depths:5 | Noticed a golden dragon
 60590 | Depths:5 | Killed a golden dragon
 60590 | Depths:5 | Reached skill level 16 in Shields
 60808 | Depths:5 | Reached skill level 12 in Conjurations
 60853 | Depths:5 | Found a gate to the Realm of Zot.
 61058 | Depths:5 | Found a gateway to a ziggurat.
 61318 | Depths:5 | Noticed a golden dragon
 61327 | Depths:5 | Killed a golden dragon
 61327 | Depths:5 | Reached skill level 12 in Spellcasting
 61759 | D:15     | Killed Roxanne
 61762 | D:15     | Identified Roxanne's Incunabulum of the Mountains (You took it off Roxanne on level 15 of the Dungeon)
 61810 | D:15     | Gained mutation: You have hooves in place of feet. [demonic ancestry]
 61810 | D:15     | Reached XP level 23. HP: 241/241 MP: 39/39
 62813 | Spider:2 | Killed xodahs's ghost
 63006 | Elf:1    | Entered Level 1 of the Elven Halls
 63014 | Elf:1    | Reached skill level 9 in Armour
 63176 | Elf:1    | Identified Ramonwim's Guide on the Escort
 63526 | Elf:1    | Found Uvael's Gadget Shoppe.
 63543 | Elf:1    | Bought a wand of hasting (6/9) for 660 gold pieces
 63543 | Elf:1    | Bought a box of beasts for 220 gold pieces
 63543 | Elf:1    | Bought a phantom mirror for 330 gold pieces
 63543 | Elf:1    | Bought a sack of spiders for 220 gold pieces
 63543 | Elf:1    | Bought a box of beasts for 220 gold pieces
 63939 | Elf:2    | Reached skill level 13 in Conjurations
 64026 | Elf:2    | Reached skill level 10 in Dodging
 64043 | Elf:2    | Found a runed gate.
 64043 | Elf:2    | Found a runed gate.
 64044 | Elf:2    | Found a runed gate.
 64471 | Elf:2    | Reached skill level 10 in Armour
 64613 | Elf:3    | Entered Level 3 of the Elven Halls
 65344 | Elf:3    | Reached skill level 11 in Dodging
 65346 | Elf:3    | Got a shimmering wooden ring
 65366 | Elf:3    | Identified the ring "Dyxtiedu" {+Fly MR+ SInv} (You took it off a deep elf blademaster on level 3 of the Elven Halls)
 65786 | Elf:3    | Reached skill level 11 in Armour
 65786 | Elf:3    | Reached skill level 14 in Conjurations
 65810 | Elf:3    | Identified the Volume of Lethal Earth (You found it on level 3 of the Elven Halls)
 65824 | Elf:3    | Learned a level 5 spell: Silence
 65831 | Elf:3    | Learned a level 6 spell: Deflect Missiles
 65883 | Elf:3    | Got a bound granite ring
 66301 | D:9      | Identified the ring "Teronoise" {EV+2 Str+3} (You found it on level 3 of the Elven Halls)
 66497 | Lair:5   | Reached skill level 1 in Hexes
 66509 | Slime:1  | Entered Level 1 of the Pits of Slime
 66584 | Slime:4  | Reached skill level 2 in Hexes
 66751 | Slime:5  | Entered Level 5 of the Pits of Slime
 66847 | Slime:5  | Gained mutation: Armour fits poorly on your strangely shaped body. [a shining eye]
 66873 | Slime:5  | Reached skill level 3 in Hexes
 67034 | Slime:5  | Gained mutation: You are completely covered in slimy green scales. (AC +4, rPois) [demonic ancestry]
 67034 | Slime:5  | Reached XP level 24. HP: 190/250 MP: 25/39
 67045 | Slime:5  | Reached skill level 7 in Charms
 67057 | Slime:5  | Reached skill level 7 in Air Magic
 67194 | Slime:5  | Found a viscous altar of Jiyva.
 67200 | Slime:5  | Noticed the Royal Jelly
 67211 | Slime:5  | Reached skill level 4 in Hexes
 67221 | Slime:5  | Killed the Royal Jelly
 67380 | Slime:5  | Reached skill level 5 in Hexes
 67583 | Slime:5  | Got a slimy rune of Zot
 67601 | Slime:5  | Got a transparent gossamer ring
 67602 | Slime:5  | Identified the ring of Springtime {rCorr rN++} (You found it on level 5 of the Pits of Slime)
 67681 | Slime:5  | Identified the Catalogue of Cold and Combat Magic
 67796 | Slime:5  | Got a wavering pewter ring
 67797 | Slime:5  | Identified the ring of Puynu {Wiz Str-5 Dex+4 Stlth+} (You found it on level 5 of the Pits of Slime)
 67858 | Slime:5  | Reached skill level 1 in Translocations
 68146 | Crypt:1  | Entered Level 1 of the Crypt
 68175 | Crypt:1  | Reached skill level 8 in Air Magic
 68218 | Crypt:1  | Reached skill level 8 in Charms
 68440 | Crypt:1  | Reached skill level 2 in Translocations
 68790 | Crypt:1  | Reached skill level 6 in Hexes
 69074 | Crypt:2  | Reached skill level 3 in Translocations
 69075 | Crypt:2  | Found an ancient bone altar of Kikubaaqudgha.
 69791 | Crypt:3  | Entered Level 3 of the Crypt
 69817 | Crypt:3  | Reached skill level 4 in Translocations
 69836 | Crypt:3  | Reached skill level 7 in Hexes
 69851 | Crypt:3  | Reached skill level 9 in Charms
 69947 | Crypt:3  | Found a staircase to the Tomb.
 70016 | Crypt:3  | Reached skill level 9 in Air Magic
 70381 | Crypt:3  | Reached skill level 5 in Translocations
 70894 | Crypt:3  | Found a basalt altar of Yredelemnul.
 70927 | Crypt:3  | Noticed a greater mummy
 70976 | Crypt:3  | Killed a greater mummy
 71027 | Crypt:3  | Identified the Handbook of Creative Clay
 71203 | Crypt:3  | Reached skill level 8 in Hexes
 71398 | Crypt:3  | Reached skill level 10 in Evocations
 71980 | Crypt:3  | Gained mutation: You are somewhat able to resist unholy torments (1 in 2 success). [demonic ancestry]
 71980 | Crypt:3  | Reached XP level 25. HP: 186/255 MP: 39/39
 72409 | Hell     | Entered the Vestibule of Hell
 72409 | Hell     | Noticed Geryon
 72454 | Depths:1 | Reached skill level 10 in Charms
 73491 | Hell     | Killed Geryon
 73491 | Hell     | Reached skill level 10 in Air Magic
 73567 | Hell     | Reached skill level 9 in Hexes
 73853 | Hell     | Found a gateway to the freezing wastes of Cocytus.
 73904 | Hell     | Noticed Murray
 73921 | Hell     | Reached skill level 11 in Evocations
 73924 | Hell     | Killed Murray
 73978 | Hell     | Found a gateway to the decaying netherworld of Tartarus.
 74334 | Hell     | Found a gateway to the ashen valley of Gehenna.
 74425 | Hell     | Found a gateway to the Iron City of Dis.
 74675 | Depths:4 | Voluntarily entered the Abyss.
 74988 | Abyss:1  | Reached skill level 12 in Evocations
 74988 | Abyss:1  | Reached skill level 11 in Charms
 75066 | Abyss:1  | Reached skill level 10 in Hexes
 75113 | Abyss:1  | Found a hazy altar of Hepliaklqana.
 75339 | Abyss:1  | Reached skill level 11 in Air Magic
 75673 | Abyss:4  | Found a corrupted altar of Lugonu.
 75865 | Abyss:4  | Reached skill level 13 in Evocations
 76011 | Abyss:5  | Entered Level 5 of the Abyss
 76087 | Abyss:5  | Paralysed by you for 3 turns
 76144 | Abyss:5  | Paralysed by accursed screaming for 1 turns
 76290 | Abyss:5  | Lost mutation: You are very agile. (Dex +4) [a neqoxec]
 76389 | Abyss:5  | Reached skill level 11 in Hexes
 76557 | Abyss:5  | Reached skill level 14 in Evocations
 76557 | Abyss:5  | Gained mutation: You are completely covered in sharp spines. [demonic ancestry]
 76557 | Abyss:5  | Reached XP level 26. HP: 134/267 MP: 34/39
 76646 | Abyss:5  | Reached skill level 12 in Charms
 76659 | Abyss:5  | Reached skill level 12 in Air Magic
 76773 | Depths:4 | Escaped the Abyss
 77183 | Depths:4 | Voluntarily entered the Abyss.
 77438 | Abyss:2  | Found a hide-covered altar of Uskayaw.
 77600 | Abyss:2  | Reached skill level 15 in Evocations
 78172 | Abyss:3  | Got an abyssal rune of Zot
 78200 | Depths:4 | Escaped the Abyss
 78744 | Vaults:5 | Entered Level 5 of the Vaults
 78759 | Vaults:5 | Reached skill level 17 in Fighting
 78775 | Vaults:5 | Reached skill level 13 in Charms
 78784 | Vaults:5 | Reached skill level 13 in Air Magic
 78933 | Vaults:5 | Reached skill level 12 in Dodging
 79292 | Vaults:5 | Found Nagukaw's Magic Scroll Boutique.
 79303 | Vaults:5 | Learned a level 6 spell: Haste
 79307 | Vaults:5 | Bought a scroll of recharging for 152 gold pieces
 79307 | Vaults:5 | Bought a scroll of enchant armour for 120 gold pieces
 79307 | Vaults:5 | Bought a scroll of identify for 32 gold pieces
 79307 | Vaults:5 | Bought a scroll of identify for 32 gold pieces
 79307 | Vaults:5 | Bought a scroll of teleportation for 48 gold pieces
 79307 | Vaults:5 | Bought a scroll of magic mapping for 56 gold pieces
 79323 | Vaults:5 | Reached skill level 12 in Armour
 79476 | Vaults:5 | Gained mutation: Your melee attacks may debilitate your foes. [demonic ancestry]
 79476 | Vaults:5 | Reached XP level 27. HP: 277/279 MP: 38/39
 79553 | Vaults:5 | Got a silver rune of Zot
 80045 | Vaults:5 | Found Salappaw's Food Shop.
 80091 | Vaults:5 | Found Anasih's Distillery.
 80101 | Vaults:5 | Bought a potion of agility for 68 gold pieces
 80101 | Vaults:5 | Bought a potion of haste for 170 gold pieces
 80101 | Vaults:5 | Bought a potion of haste for 170 gold pieces
 80101 | Vaults:5 | Bought a potion of might for 68 gold pieces
 80101 | Vaults:5 | Bought a potion of curing for 51 gold pieces
 80101 | Vaults:5 | Bought a potion of might for 68 gold pieces
 80101 | Vaults:5 | Bought a potion of cure mutation for 425 gold pieces
 80101 | Vaults:5 | Bought a potion of agility for 68 gold pieces
 80183 | Vaults:5 | Identified Omorash's Collected Works on Shifting Toxins
 80190 | Vaults:5 | Noticed an ancient lich
 80203 | Vaults:5 | Cast into level 2 of the Abyss (reaper)
 80285 | Vaults:5 | Escaped the Abyss
 80296 | Vaults:5 | Killed an ancient lich
 80821 | Zot:1    | Entered Level 1 of the Realm of Zot
 81854 | Zot:1    | Reached skill level 13 in Spellcasting
 81967 | Zot:1    | Noticed an orb of fire
 81984 | Zot:1    | Killed an orb of fire
 81984 | Zot:1    | Reached skill level 14 in Charms
 82041 | Zot:1    | Reached skill level 14 in Air Magic
 82048 | Zot:1    | Reached skill level 13 in Dodging
 82275 | Zot:1    | Learned a level 8 spell: Chain Lightning
 82919 | Zot:2    | Noticed an orb of fire
 82930 | Zot:2    | Killed an orb of fire
 82930 | Zot:2    | Reached skill level 13 in Armour
 82948 | Zot:2    | Reached skill level 15 in Conjurations
 83576 | Zot:3    | Reached skill level 15 in Air Magic
 83756 | Zot:3    | Reached skill level 16 in Conjurations
 84202 | Zot:4    | Reached skill level 16 in Air Magic
 84216 | Zot:4    | Reached skill level 17 in Conjurations
 84687 | Zot:5    | Entered Level 5 of the Realm of Zot
 84972 | Zot:5    | Noticed an ancient lich
 84989 | Zot:5    | Killed an ancient lich
 85453 | Zot:5    | Noticed an orb of fire
 85523 | Zot:5    | Noticed an ancient lich
 85551 | Zot:5    | Killed an ancient lich
 85612 | Zot:5    | Noticed an ancient lich
 85623 | Zot:5    | Noticed an orb of fire
 85671 | Zot:5    | Killed an ancient lich
 85689 | Zot:5    | Noticed an orb of fire
 85704 | Zot:5    | Killed an orb of fire
 85726 | Zot:5    | Noticed an orb of fire
 85745 | Zot:5    | Killed an orb of fire
 85745 | Zot:5    | Reached skill level 18 in Conjurations
 85745 | Zot:5    | Reached skill level 17 in Air Magic
 85771 | Zot:5    | Killed an orb of fire
 86220 | Zot:5    | Reached skill level 18 in Fighting
 86265 | Zot:5    | Noticed an orb of fire
 86265 | Zot:5    | Noticed an orb of fire
 86274 | Zot:5    | Gained mutation: Your magical capacity is low. (-10% MP) [an orb of fire]
 86284 | Zot:5    | Killed an orb of fire
 86295 | Zot:5    | Killed an orb of fire
 86382 | Zot:5    | Reached skill level 14 in Spellcasting
 86442 | Zot:5    | Noticed an orb of fire
 86447 | Zot:5    | Noticed an orb of fire
 86448 | Zot:5    | Noticed an orb of fire
 86453 | Zot:5    | Killed an orb of fire
 86453 | Zot:5    | Reached skill level 19 in Conjurations
 86454 | Zot:5    | Lost mutation: Your muscles are strong. (Str +2) [an orb of fire]
 86480 | Zot:5    | Killed an orb of fire
 86486 | Zot:5    | Reached skill level 18 in Air Magic
 86623 | Zot:5    | Killed an orb of fire
 87018 | Pan      | Entered Pandemonium
 87085 | Pan      | Noticed Boetz the pandemonium lord
 87086 | Pan      | Killed Boetz the pandemonium lord
 87145 | Pan      | Found an exit through the horrors of the Abyss.
 88065 | Pan      | Reached skill level 15 in Spellcasting
 88264 | Pan      | Noticed chukamok's ghost (legendary DsWn)
 88338 | Pan      | Killed chukamok's ghost
 88426 | Pan      | Found an exit through the horrors of the Abyss.
 88584 | Pan      | Learned a level 9 spell: Tornado
 88993 | Pan      | Noticed Zeiczy the pandemonium lord
 89014 | Pan      | Killed Zeiczy the pandemonium lord
 89108 | Pan      | Noticed Reitraon the pandemonium lord
 89167 | Pan      | HP: 26/293 [Reitraon the pandemonium lord (33)]
 89169 | Pan      | HP: 4/293 [Reitraon the pandemonium lord (39)]
 89169 | Pan      | Killed from afar by a smoke demon

Vanquished Creatures
  the Royal Jelly (Slime:5)
  The ghost of chukamok the Peltast, a legendary DsWn of Cheibriados (Pan)
  10 orbs of fire
  3 juggernauts
  4 ancient liches
  A greater mummy (Crypt:3)
  Boris (Depths:3)
  5 curse toes
  3 Killer Klowns (Zot:5)
  2 profane servitors
  Geryon (Hell)
  9 golden dragons
  Nikola (Spider:1)
  the Enchantress (Depths:2)
  2 bone dragons
  A Tzitzimitl (Pan)
  3 electric golems
  8 liches
  2 pandemonium lords (Pan)
  16 tentacled monstrosities
  An Ice Fiend (Pan)
  2 deep elf blademasters (Elf:3)
  5 Hell Sentinels (Pan)
  25 Orb Guardians (Zot:5)
  3 titans (Vaults:5)
  A quicksilver dragon (Vaults:5)
  2 Executioners
  22 acid blobs
  12 tentacled starspawn
  2 deep elf master archers (Elf:3)
  The ghost of xodahs the Bludgeoner, an adept OgHu of the Shining One (Spider:2)
  Murray (Hell)
  5 sphinxes
  7 death cobs
  3 thorn hunters
  4 tengu reavers (Vaults:5)
  3 ancient champions
  Gastronok (Lair:1)
  Roxanne (D:15)
  14 storm dragons
  8 azure jellies (Slime:5)
  7 shadow dragons
  The ghost of eALc the Protected, an adept DsFi of Nemelex Xobeh (Depths:2)
  Wiglaf (Spider:3)
  8 draconian monks
  Donald (Vaults:1)
  A daeva (Abyss:2)
  5 deep elf sorcerers (Elf:3)
  9 fire giants
  4 draconian knights
  6 frost giants
  An iron dragon (Depths:5)
  2 curse skulls
  7 ghost moths
  Louise (Spider:4)
  6 draconian zealots
  2 balrugs
  13 vault wardens
  6 cacodemons
  3 draconian shifters
  4 deep elf elementalists
  3 draconian scorchers (Zot:4)
  4 ghouls
  An angel (Abyss:1)
  9 ironheart preservers
  3 war gargoyles
  45 very ugly things
  3 draconian callers
  24 stone giants
  The ghost of numlockpick the Impaler, a journeyman FoFi of Hepliaklqana (Orc:2)
  7 emperor scorpions
  4 reapers
  4 spriggan defenders (Depths:2)
  6 draconian annihilators
  4 entropy weavers
  3 blood saints (Pan)
  9 black draconians
  8 vampire knights
  8 deep elf demonologists
  A lorocyproca (Pan)
  8 mottled draconians
  3 red draconians
  2 green draconians
  6 purple draconians
  Snorg (D:11)
  4 spark wasps
  2 black suns (Pan)
  11 white draconians
  7 deep elf annihilators
  A minotaur (shapeshifter) (Vaults:5)
  9 deep elf death magi
  A merfolk impaler (Depths:1)
  24 yellow draconians
  6 jiangshi
  2 blizzard demons
  7 death oozes (Slime:5)
  A green death (Pan)
  3 crystal guardians
  6 eidola
  16 fire dragons
  6 mummy priests (Crypt:3)
  16 ettins
  6 deep elf high priests
  19 ogre magi
  9 great orbs of eyes
  3 great orbs of eyes (shapeshifter) (Abyss:3)
  A ghost crab (shapeshifter) (Vaults:5)
  2 naga warriors (Abyss:5)
  4 rakshasas
  36 vault guards
  A monstrous demonspawn (Pan)
  16 yaktaur captains
  2 hell beasts
  15 hydras
  A catoblepas (Lair:4)
  6 death knights
  16 ice dragons
  8 centaur warriors
  3 spriggan air magi (Depths:2)
  5 tengu warriors
  4 alligators
  A queen ant (Lair:2)
  11 deep troll earth magi
  31 dancing weapons
  11 vampire magi
  16 thrashing horrors
  A shock serpent (shapeshifter) (Vaults:5)
  16 hell hogs
  9 deep troll shamans
  4 orc high priests (Orc:2)
  2 iron golems
  20 sun demons
  9 soul eaters
  17 deep elf knights
  8 spriggan berserkers
  2 titan zombies (Hell)
  13 wretched stars
  5 hell knights
  Sonja (Lair:1)
  A fire crab (shapeshifter) (Vaults:2)
  3 fire crabs
  A salamander mystic (Depths:2)
  An iron troll (Depths:2)
  4 shadow wraiths
  33 skeletal warriors
  2 infernal demonspawn (Pan)
  2 gelid demonspawn (Pan)
  19 deep trolls
  10 unseen horrors
  4 spatial maelstroms
  A titan skeleton (Vaults:5)
  13 flayed ghosts
  24 starcursed masses
  A sea snake (shapeshifter) (Vaults:3)
  8 phantasmal warriors
  A swamp dragon (shapeshifter) (Depths:5)
  An entropy weaver zombie (Crypt:2)
  An obsidian statue (Crypt:2)
  2 shadow dragon zombies (Hell)
  A tengu zombie (Vaults:4)
  4 torturous demonspawn (Pan)
  19 ironbrand convokers
  8 deep elf archers
  3 lindwurms (Swamp:4)
  6 giant orange brains
  8 hill giants
  An anaconda skeleton (Hell)
  8 swamp dragons
  An orange crystal statue (Depths:3)
  An orb spider (shapeshifter) (Depths:4)
  42 wolf spiders
  13 orb spiders
  19 orc knights
  An iron dragon zombie (Crypt:3)
  10 necromancers
  58 deep elf magi
  51 ugly things
  A wolf spider (shapeshifter) (Vaults:1)
  6 orc sorcerers
  A frost giant zombie (Crypt:1)
  7 wizards
  3 worldbinders
  A tengu skeleton (Vaults:2)
  A faun (shapeshifter) (Vaults:5)
  6 hornets
  7 griffons
  9 cyclopes
  An iron dragon skeleton (Hell)
  A salamander (shapeshifter) (Vaults:3)
  4 salamanders (Depths:2)
  5 oklob plants
  A shining eye (Slime:5)
  25 moths of wrath
  2 manticores
  7 elephants
  4 sixfirhies
  An octopode (shapeshifter) (Depths:1)
  A shock serpent zombie (Abyss:1)
  A black mamba (shapeshifter) (D:15)
  5 black mambas
  12 vault sentinels
  2 fire giant skeletons
  2 guardian serpents (shapeshifter) (Abyss:3)
  2 ice statues
  11 smoke demons
  3 guardian serpents
  34 large abominations
  11 rust devils
  2 apocalypse crabs
  A torpor snail (Spider:2)
  A molten gargoyle (Hell)
  5 orange demons
  16 spiny frogs
  2 eyes of devastation (Slime:5)
  2 gargoyles
  3 centaur skeletons
  A rime drake (shapeshifter) (Abyss:4)
  51 yaktaurs
  An efreet (Abyss:5)
  6 rime drakes
  6 kobold demonologists
  A red draconian skeleton (Crypt:1)
  A yaktaur zombie (Vaults:4)
  An anaconda simulacrum (Hell)
  14 demonic crawlers
  17 freezing wraiths
  5 hellions
  2 ice devils
  4 komodo dragons
  A yaktaur (shapeshifter) (Depths:1)
  3 spriggan druids
  2 tormentors
  A yaktaur skeleton (Vaults:3)
  A merfolk (shapeshifter) (Vaults:5)
  A human zombie (Vaults:3)
  10 ancient zymes
  A purple draconian skeleton (Crypt:3)
  32 guardian mummies (Crypt:3)
  31 two-headed ogres
  2 queen ant zombies (Crypt:2)
  A queen bee (shapeshifter) (Elf:1)
  4 red devils
  3 tengu conjurers
  2 hydra zombies (Hell)
  7 polar bears (Lair:6)
  5 trolls
  A wind drake (shapeshifter) (Vaults:3)
  3 meliai (Spider:2)
  An ice dragon zombie (Hell)
  36 jumping spiders
  A tengu simulacrum (Vaults:3)
  22 blink frogs
  6 giant leeches
  A blink frog (shapeshifter) (Vaults:3)
  An ettin zombie (Hell)
  A slime creature (shapeshifter) (Vaults:5)
  21 raiju
  A fire dragon zombie (Hell)
  4 ushabtiu (Crypt:3)
  6 bog bodies
  6 boulder beetles
  81 slime creatures
  A hornet zombie (D:13)
  A stone giant simulacrum (Abyss:2)
  97 redbacks
  An alligator skeleton (Hell)
  21 flying skulls
  23 tarantellas
  13 water elementals
  45 yaks
  3 ettin skeletons
  6 shadows
  4 air elementals
  12 wraiths
  11 ynoxinuls
  2 ice dragon skeletons (Hell)
  2 vampires
  30 spriggans
  5 basilisks
  3 fire bats (Depths:2)
  A hog (shapeshifter) (Vaults:1)
  A hungry ghost (D:8)
  Grum (Lair:1)
  A steam dragon (Lair:2)
  2 wyverns
  10 fire elementals
  2 hogs (D:14)
  16 chaos spawn
  12 golden eyes
  A human simulacrum (Vaults:4)
  10 neqoxecs
  A yaktaur simulacrum (Vaults:2)
  12 hippogriffs
  23 vampire mosquitoes
  6 spatial vortices
  20 insubstantial wisps
  A soldier ant (shapeshifter) (Vaults:4)
  A swamp worm (shapeshifter) (Vaults:5)
  18 swamp worms
  4 soldier ants (Lair:2)
  5 wargs
  A naga (Abyss:5)
  A spiny frog zombie (Hell)
  3 mottled dragons
  12 porcupines
  A giant eyeball (shapeshifter) (Depths:2)
  A hell hound (Orc:2)
  21 small abominations
  A water moccasin (shapeshifter) (Abyss:2)
  A deep troll zombie (Crypt:3)
  19 ice beasts
  10 water moccasins
  A deep troll skeleton (Crypt:3)
  A giant eyeball (Depths:1)
  5 swamp drakes
  11 black bears
  5 phantoms
  2 necrophages
  21 wasps
  2 alligator simulacra (Hell)
  62 orc warriors
  12 boggarts
  65 ogres
  18 wolves
  3 eyes of draining
  A manticore zombie (Crypt:1)
  11 centaurs
  A torpor snail zombie (Crypt:1)
  11 crocodiles
  An elephant skeleton (Crypt:1)
  4 human skeletons
  A fire crab zombie (Crypt:2)
  A wyvern zombie (Crypt:3)
  20 giant frogs
  3 earth elementals
  A gnoll sergeant (D:5)
  A cyclops zombie (Crypt:3)
  2 spiny frog simulacra (Hell)
  2 wyvern skeletons
  A salamander skeleton (Crypt:2)
  2 scorpions
  A water moccasin skeleton (Crypt:2)
  9 killer bees
  A manticore simulacrum (Hell)
  3 wights (D:14)
  33 jellies
  2 electric eels
  17 howler monkeys
  4 centaur zombies
  A giant frog zombie (D:6)
  18 crimson imps
  5 iron imps
  6 hounds
  4 quasits
  33 orc priests
  2 giant frog skeletons
  5 iguanas
  31 orc wizards
  40 worker ants
  6 hell rats (Hell)
  17 sheep
  2 ogre zombies (D:9)
  15 mummies (Crypt:3)
  2 howler monkey zombies
  A howler monkey skeleton (D:8)
  8 gnolls
  14 adders
  64 river rats
  12 shadow imps
  3 white imps
  2 ufetubi (Abyss:2)
  2 oozes
  An adder zombie (Crypt:3)
  7 worms
  2 dart slugs
  3 giant geckos
  140 orcs
  A giant cockroach (D:4)
  5 goblins
  6 hobgoblins
  20 jackals
  4 quokkas
  A ball python (D:3)
  3 bats
  2 giant newts
  A goblin skeleton (D:9)
  5 goblin zombies
  4 hobgoblin skeletons (D:9)
  3 hobgoblin zombies (D:9)
  12 kobolds
  A kobold zombie (Crypt:3)
  An orc skeleton (D:9)
  11 orc zombies (D:9)
  5 rats
  A rat skeleton (Crypt:1)
  A lost soul (Crypt:2)
  12 starspawn tentacles
  A starspawn tentacle segment (Abyss:5)
3299 creatures vanquished.

Vanquished Creatures (collateral kills)
  A juggernaut (Depths:2)
  Arachne (Spider:3)
  2 tentacled monstrosities
  A quicksilver dragon (Depths:2)
  An ancient champion (Crypt:2)
  Kirke (D:14)
  A thorn hunter (Swamp:3)
  A storm dragon (Zot:1)
  A fire giant (Depths:2)
  An orc warlord (Orc:2)
  A vault warden (Vaults:1)
  2 frost giants
  An emperor scorpion (Spider:3)
  4 very ugly things
  5 stone giants
  A vampire knight (Depths:3)
  2 reapers (Hell)
  Azrael (Orc:1)
  2 spark wasps
  A fire dragon (Depths:1)
  A deep elf high priest (Depths:3)
  4 yaktaur captains
  A hydra (Swamp:4)
  4 vault guards
  A great orb of eyes (Depths:2)
  A hydra (shapeshifter) (Vaults:4)
  3 ogre magi
  2 alligators (Swamp:4)
  A death knight (Vaults:3)
  A deep troll earth mage (Depths:2)
  A sun demon (Depths:1)
  A thrashing horror (Abyss:5)
  A skeletal warrior (Vaults:3)
  A giant orange brain (Depths:3)
  An unseen horror (D:11)
  2 ironbrand convokers
  3 deep trolls
  A deep elf archer (Vaults:4)
  3 orc knights
  2 wizards
  An oklob plant (Lair:5)
  2 ugly things
  A mana viper (shapeshifter) (Vaults:5)
  2 deep elf magi
  7 wolf spiders
  10 orb spiders
  A moth of wrath (Spider:4)
  A griffon (Lair:5)
  A worldbinder (Abyss:2)
  5 slime creatures
  A sixfirhy (Abyss:5)
  A guardian serpent (Depths:4)
  A guardian serpent (shapeshifter) (Depths:2)
  A frost giant skeleton (Vaults:4)
  A smoke demon (Pan)
  A centaur zombie (D:13)
  2 spiny frogs
  2 komodo dragons
  4 demonic crawlers
  2 freezing wraiths (Vaults:3)
  An ancient zyme (Abyss:4)
  10 yaktaurs
  13 jumping spiders
  A large abomination (Abyss:1)
  A tengu conjurer (Depths:1)
  A troll (D:14)
  2 two-headed ogres (Depths:1)
  A giant leech (Swamp:4)
  A blink frog (D:9)
  2 bog bodies
  A boulder beetle (shapeshifter) (Depths:1)
  A boulder beetle (Spider:4)
  22 redbacks
  4 tarantellas
  A shadow (Swamp:4)
  3 spriggans
  A water elemental (Depths:1)
  3 wraiths
  A fire elemental (Orc:2)
  A yak (Lair:6)
  A chaos spawn (Abyss:4)
  A neqoxec (Pan)
  A small abomination (Abyss:1)
  2 mottled dragons
  A warg (Vaults:2)
  An insubstantial wisp (Swamp:3)
  2 swamp worms
  A giant eyeball (Depths:2)
  A deep troll skeleton (Vaults:4)
  4 wasps
  6 orc warriors
  A black bear (Lair:6)
  A black bear (shapeshifter) (Depths:3)
  3 wolves (Lair:6)
  An ogre (Vaults:5)
  A crocodile (D:14)
  A big kobold (Vaults:2)
  A wight (D:14)
  3 electric eels
  A jelly (Swamp:3)
  6 orc priests
  2 orc wizards
  6 ogre zombies (D:9)
  A gnoll (D:5)
  A white imp (Depths:4)
  An adder zombie (Crypt:2)
  14 orcs
  2 orc zombies
251 creatures vanquished.

Vanquished Creatures (others)
  A thorn hunter (Swamp:4)
  A draconian scorcher (Zot:3)
  2 stone giants
  2 deep elf knights
  An unseen horror (shapeshifter) (Depths:3)
  A putrid demonspawn (Pan)
  2 moths of wrath (Zot:5)
  10 yaktaurs
  A silent spectre (Abyss:5)
  2 blink frogs (Abyss:5)
  An orc warrior (Orc:2)
  A swamp drake (Swamp:4)
  An ogre (Vaults:4)
  A boggart (Depths:1)
  2 humans
  An eye of draining (Abyss:4)
  A howler monkey (D:11)
  A jelly (Zot:4)
  An orc (Orc:2)
  2 briar patches (Swamp:4)
  8 fungi
  8 lost souls
  3 lurking horrors
  4 plants
  32 starspawn tentacles
  375 starspawn tentacle segments
465 creatures vanquished.

Grand Total: 4015 creatures vanquished
